[Event "42nd Olympiad Baku 2016 Women"]
[Site "Baku"]
[Date "2016.09.08"]
[Round "6.13"]
[White "Dzagnidze, Nana"]
[Black "Mamedjarova, Zeinab"]
[Result "1-0"]
[ECO "D26"]
[WhiteElo "2522"]
[BlackElo "2295"]
[Annotator ""]
[PlyCount "75"]
[EventDate "2016.??.??"]
[EventType "team-tourn"]
[EventCountry "AZE"]
[SourceTitle "playchess.com"]
[Source "ChessBase"]
[WhiteTeam "Georgia"]
[BlackTeam "Azerbaijan"]
[WhiteTeamCountry "GEO"]
[BlackTeamCountry "AZE"]
[TimeControl "40/5400+30:1800+30"]

1. d4 {(00:00} d5 {(00:00} 2. c4 {(00:00} dxc4 {
(00:06} 3. Nf3 {(00:10} Nf6 {(00:27} 4. e3 {(01:
07} e6 {(00:56} 5. Bxc4 {(00:34} c5 {(00:13} 6. O-O {
(00:21} Nc6 {(01:25} 7. Qe2 {(04:57} a6 {(00:40]
} 8. Rd1 {(04:41} Qc7 {(00:14} 9. dxc5 Bxc5 {(00:27}
10. a3 {(10:26} b5 {(02:19} 11. Ba2 {(06:05} Bb7 {
(00:51} 12. b4 {(00:54} Bd6 {(01:59} 13. Bb2 {(
01:29} O-O {(11:16} 14. Nbd2 {(00:57} Ne5 {(07:54} 15.
Rac1 {(02:05} Nxf3+ {(01:12} 16. Nxf3 {(00:35} Qe7 {
(00:18} 17. Bxf6 {(27:16} gxf6 {(00:10} 18. Rd4 {
(00:12} f5 {(05:59} 19. Bb1 {(09:42} Rfd8 {(11:
45} 20. Rcd1 {(03:36} Bc7 {(13:56} 21. e4 {(02:38}
Rxd4 {(10:19} 22. Rxd4 {(00:29} Rd8 {(02:47} 23. Rxd8+
{(02:27} Qxd8 {(00:49} 24. exf5 {(01:13} exf5 {(
05:39} 25. Bxf5 {(03:14} Qf6 {(04:00} 26. Qc2 {(15:44}
Qa1+ {(04:10} 27. Qb1 {(00:03} Qxa3 {(00:13} 28. Bxh7+
{(00:10} Kf8 {(00:16} 29. Be4 {(00:08} Bc8 {(08:
42} 30. g3 {(01:00} Bd6 {(00:35} 31. Bd5 {(01:06} Bxb4
{(01:45} 32. h4 {(02:06} Qc3 {(02:47} 33. Qe4 {(
00:13} Kg7 {(01:49} 34. Qf4 {(00:25} Be6 {(00:28} 35.
Bxe6 {(00:15} fxe6 {(00:03} 36. Ng5 {(00:57} Kh8 {
(00:59} 37. Qb8+ {(00:29} Kg7 {(00:05} 38. Qb7+ {
(00:05} 1-0

[Event "42nd Olympiad Baku 2016 Women"]
[Site "Baku"]
[Date "2016.09.08"]
[Round "6.6"]
[White "Efroimski, Marsel"]
[Black "Stetsko, Lanita"]
[Result "1-0"]
[ECO "C48"]
[WhiteElo "2322"]
[BlackElo "2170"]
[Annotator ""]
[PlyCount "79"]
[EventDate "2016.??.??"]
[EventType "team-tourn"]
[EventCountry "AZE"]
[SourceTitle "playchess.com"]
[Source "ChessBase"]
[WhiteTeam "Israel"]
[BlackTeam "Belarus"]
[WhiteTeamCountry "ISR"]
[BlackTeamCountry "BLR"]
[TimeControl "40/5400+30:1800+30"]

1. e4 {(00:00} e5 {(00:00} 2. Nf3 {(00:00} Nc6 {
(00:00} 3. Nc3 {(00:00} Nf6 {(00:00} 4. Bb5 {(
00:00} Nd4 {(01:06} 5. Bc4 {(00:00} Bc5 {(00:16} 6. d3
{(00:00} d6 {(00:49} 7. Na4 {(00:05} b5 {(02:08]
} 8. Nxd4 {(10:21} bxc4 {(00:59} 9. Nf5 {(05:18} Bxf5 {
(03:24} 10. exf5 {(00:04} cxd3 {(01:04} 11. Nxc5 {
(00:08} dxc5 {(02:59} 12. cxd3 {(00:50} O-O {(
01:37} 13. O-O {(00:06} Qd7 {(04:33} 14. Be3 {(00:10}
Qxf5 {(01:37} 15. Rc1 {(00:12} Nd7 {(09:10} 16. Bxc5 {
(13:51} Nxc5 {(06:35} 17. Rxc5 {(00:01} Rfd8 {(
09:24} 18. d4 {(25:36} Qf4 {(03:19} 19. d5 {(03:17}
Rd7 {(07:22} 20. Qc2 {(01:39} Rad8 {(15:44} 21. Rd1 {
(15:40} g6 {(05:15} 22. g3 {(02:24} Qf3 {(01:36]
} 23. Rd3 {(05:08} Qf5 {(04:14} 24. Re3 {(12:05} Qg4 {
(16:44} 25. Rxe5 {(02:04} Qd4 {(01:33} 26. Qc3 {
(00:10} Qd1+ {(00:56} 27. Re1 {(00:07} Qg4 {(00:
30} 28. Rxc7 {(03:00} Rxd5 {(00:22} 29. Rxa7 {(00:37}
Qf5 {(00:36} 30. Rae7 {(00:13} Rd1 {(00:34} 31. a3 {
(01:41} h5 {(00:23} 32. h4 {(00:21} Qb1 {(00:36]
} 33. Kg2 {(00:21} Rxe1 {(00:30} 34. Rxe1 {(00:19} Qf5
{(00:04} 35. Qe5 {(00:57} Qc2 {(00:18} 36. Re2 {
(00:37} Qc1 {(00:39} 37. Qf6 {(00:26} Qd1 {(00:
28} 38. Re7 {(00:22} Qd5+ {(00:33} 39. Qf3 {(00:05}
Qc4 {(00:57} 40. b3 {(00:00} 1-0

[Event "42nd Olympiad Baku 2016 Women"]
[Site "Baku"]
[Date "2016.09.08"]
[Round "6.12"]
[White "Elansary, Eman"]
[Black "Azhar, Puteri Rifqah Fahad"]
[Result "1-0"]
[ECO "A45"]
[WhiteElo "1949"]
[BlackElo "1945"]
[Annotator ""]
[PlyCount "97"]
[EventDate "2016.??.??"]
[EventType "team-tourn"]
[EventCountry "AZE"]
[SourceTitle "playchess.com"]
[Source "ChessBase"]
[WhiteTeam "Egypt"]
[BlackTeam "Malaysia"]
[WhiteTeamCountry "EGY"]
[BlackTeamCountry "MAS"]
[TimeControl "40/5400+30:1800+30"]

1. d4 {(00:00} Nf6 {(00:00} 2. Bg5 {(00:03} e6 {
(00:37} 3. e4 {(00:33} Be7 {(01:11} 4. Nd2 {(00:
49} b6 {(02:14} 5. Ngf3 {(02:19} Bb7 {(01:42} 6. Bd3 {
(00:51} h6 {(02:17} 7. Bh4 {(02:28} d5 {(02:00}
8. e5 {(03:39} Ne4 {(03:31} 9. Bxe7 {(01:01} Qxe7 {
(00:12} 10. Qe2 Nxd2 {(08:11} 11. Qxd2 {(05:32} a6 {
(01:17} 12. O-O {(04:06} c5 {(01:42} 13. c3 {(
01:12} Nc6 {(02:18} 14. Rac1 {(04:13} O-O {(02:53} 15.
Bb1 {(02:20} Rac8 {(03:02} 16. h4 {(04:27} f5 {(
18:13} 17. exf6 {(04:18} Rxf6 {(06:15} 18. Rfe1 {(07:
15} Rcf8 {(10:46} 19. Re2 {(05:35} Qf7 {(13:47} 20.
Rce1 {(11:03} a5 {(03:57} 21. Qd3 {(02:03} g6 {(
01:35} 22. Qe3 {(09:04} Ba6 {(05:47} 23. Rd2 {(01:20}
Kg7 {(01:43} 24. dxc5 {(01:11} b5 {(01:24} 25. Nd4 {
(06:05} Nxd4 {(01:54} 26. cxd4 {(00:29} Bb7 {(
01:42} 27. h5 {(05:11} gxh5 {(01:54} 28. Qd3 {(00:11}
Kh8 {(00:22} 29. f3 {(05:38} Bc6 {(00:11} 30. Rde2 {
(00:31} Bd7 {(01:04} 31. c6 {(00:58} Bc8 {(00:
14} 32. Qxb5 {(03:02} Rg8 {(00:24} 33. Kf1 {(03:30}
Qg7 {(00:49} 34. Rf2 {(00:13} Rf4 {(00:48} 35. Qxa5 {
(02:23} Rxd4 {(00:34} 36. b4 {(00:45} h4 {(00:
44} 37. b5 {(02:06} Qg3 {(00:31} 38. Qc3 {(00:37} e5 {
(00:12} 39. Qe3 {(00:33} Rf4 {(00:55} 40. Qxe5+ {
(00:00} Rg7 {(00:00} 41. Qe8+ {(01:06} Rg8 {(00:
37} 42. Qh5 {(04:01} Qg5 {(08:19} 43. Re7 {(04:06} Bf5
{(03:57} 44. Qxg5 {(00:24} hxg5 {(00:27} 45. Bxf5 {
(00:41} Rxf5 {(00:07} 46. c7 {(00:23} d4 {(04:
20} 47. Rc2 {(01:06} Rc8 {(02:50} 48. Rd7 {(01:01}
Rff8 {(02:04} 49. b6 {(00:42} 1-0

[Event "42nd Olympiad Baku 2016 Women"]
[Site "Baku"]
[Date "2016.09.08"]
[Round "6.24"]
[White "Erneste, Inguna"]
[Black "Soumya, Swaminathan"]
[Result "0-1"]
[ECO "B59"]
[WhiteElo "2178"]
[BlackElo "2379"]
[Annotator ""]
[PlyCount "162"]
[EventDate "2016.??.??"]
[EventType "team-tourn"]
[EventCountry "AZE"]
[SourceTitle "playchess.com"]
[Source "ChessBase"]
[WhiteTeam "Latvia"]
[BlackTeam "India"]
[WhiteTeamCountry "LAT"]
[BlackTeamCountry "IND"]
[TimeControl "40/5400+30:1800+30"]

1. e4 {(00:00} c5 {(00:00} 2. Nf3 {(00:00} Nc6 {
(00:00} 3. d4 {(00:03} cxd4 {(00:00} 4. Nxd4 {(
00:05} Nf6 {(00:00} 5. Nc3 {(00:31} d6 {(00:00} 6. Be2
{(02:22} e5 {(00:30} 7. Nb3 {(01:36} Be7 {(00:
14} 8. O-O {(02:04} O-O {(00:10} 9. f4 {(04:12} a5 {
(16:06} 10. a4 {(02:55} Nb4 {(03:59} 11. Kh1 {(
08:52} Bd7 {(08:40} 12. Bf3 {(07:22} Bc6 {(04:37} 13.
Qe2 {(09:40} Qc7 {(06:49} 14. fxe5 {(02:53} dxe5 {
(00:09} 15. Bg5 {(18:34} Rac8 {(09:09} 16. Rac1 {
(04:37} h6 {(01:53} 17. Be3 {(02:53} b6 {(03:23]
} 18. Qf2 {(00:48} Bd8 {(05:58} 19. Qg3 {(06:10} Kh7 {
(03:34} 20. Rf2 {(02:36} Be7 {(04:30} 21. Rd2 {(
02:33} Rfd8 {(05:07} 22. Rxd8 {(01:14} Bxd8 {(00:18}
23. Qf2 {(03:20} Bd7 {(04:52} 24. Qe2 {(03:37} Be6 {
(04:12} 25. Nd2 {(04:12} Qd7 {(02:18} 26. Bf2 {(
00:52} Ng4 {(03:39} 27. Bxg4 {(02:46} Bxg4 {(00:02}
28. Nf3 {(00:15} Qe6 {(02:21} 29. Nd1 {(02:14} Bh5 {
(05:15} 30. c3 {(01:34} Nc6 {(00:43} 31. Ra1 {(
00:31} Bg6 {(00:45} 32. Bg3 {(00:38} Be7 {(02:14} 33.
Nf2 {(00:08} Rd8 {(00:58} 34. Qb5 {(01:36} Bc5 {
(00:35} 35. Re1 {(00:08} Qd7 {(01:47} 36. h3 {(
00:20} Bh5 {(01:57} 37. Rd1 {(00:56} Qe6 {(00:06} 38.
Rxd8 {(00:49} Bxf3 {(01:18} 39. Kh2 {(01:58} Nxd8 {
(00:36} 40. gxf3 {(00:00} Qf6 {(00:00} 41. Qe2 {
(12:24} Nc6 {(05:12} 42. Nd3 {(03:04} Bd6 {(00:
14} 43. Bf2 {(00:51} Bc7 {(00:14} 44. Be3 {(00:22} Qe6
{(01:03} 45. Qc2 {(06:45} g6 {(04:23} 46. Nc1 {(
00:18} f5 {(00:28} 47. Qb3 {(00:36} Qxb3 {(10:44} 48.
Nxb3 {(00:02} Kg7 {(01:16} 49. Nd2 {(00:10} Nb8 {
(03:30} 50. Nc4 {(00:07} Nd7 {(00:05} 51. b4 {(
00:30} f4 {(00:55} 52. Bf2 {(00:54} Kf6 {(00:14} 53.
Kg2 {(00:18} Ke7 {(02:21} 54. Kf1 {(00:13} Kd8 {
(01:21} 55. Ke2 {(00:52} Kc8 {(00:34} 56. Kd3 {(
00:28} Kb7 {(00:10} 57. Nd2 {(01:02} Nf6 {(00:47} 58.
Kc4 {(01:53} Kc6 {(00:12} 59. Nf1 {(03:48} g5 {(
00:23} 60. Nh2 {(00:42} h5 {(00:04} 61. bxa5 {(01:07}
bxa5 {(00:05} 62. Bc5 {(00:12} Bd8 {(00:57} 63. Bf8 {
(02:25} Nd7 {(00:04} 64. Bg7 {(01:04} Bf6 {(01:
28} 65. Bh6 {(00:02} Nc5 {(00:43} 66. Nf1 {(01:14}
Nxa4 {(00:13} 67. Kb3 {(00:34} Nb6 {(01:35} 68. Nd2 {
(00:16} a4+ {(00:13} 69. Ka2 {(00:54} Kb5 {(01:
43} 70. Bf8 {(00:32} Nc4 {(00:03} 71. Nf1 {(00:43} Bd8
{(01:42} 72. Bh6 {(00:30} Ne3 {(00:37} 73. Nd2 {
(00:16} Nd1 {(01:46} 74. Bg7 {(02:27} Bc7 {(00:
04} 75. Bf6 {(00:19} Nxc3+ {(00:11} 76. Ka1 {(00:46}
Ne2 {(00:33} 77. Bxg5 {(00:09} Ng1 {(00:25} 78. h4 {
(00:30} Ba5 {(00:05} 79. Nb1 {(00:42} Nxf3 {(00:
17} 80. Bf6 {(00:10} Bb4 {(00:51} 81. Ka2 {(00:09} Kc4
{(00:07} 0-1

[Event "42nd Olympiad Baku 2016 Women"]
[Site "Baku"]
[Date "2016.09.08"]
[Round "6.1"]
[White "Farha, Doha"]
[Black "Wang, Chengjia"]
[Result "0-1"]
[ECO "E20"]
[WhiteElo "1851"]
[BlackElo "2017"]
[Annotator ""]
[PlyCount "48"]
[EventDate "2016.??.??"]
[EventType "team-tourn"]
[EventCountry "AZE"]
[SourceTitle "playchess.com"]
[Source "ChessBase"]
[WhiteTeam "Syria"]
[BlackTeam "Korea"]
[WhiteTeamCountry "SYR"]
[BlackTeamCountry "KOR"]
[TimeControl "40/5400+30:1800+30"]

1. d4 {(00:00} Nf6 {(00:00} 2. c4 {(00:00} e6 {(
00:00} 3. Nc3 {(00:00} Bb4 {(00:22} 4. Bd2 {(00:31} c5
{(00:57} 5. a3 {(05:23} Bxc3 {(01:53} 6. Bxc3 {(
00:44} cxd4 {(02:22} 7. Qxd4 {(03:27} O-O {(04:02} 8.
Nf3 {(03:21} Nc6 {(06:41} 9. Qf4 {(05:00} d6 {(
04:52} 10. O-O-O {(05:51} e5 {(02:06} 11. Qh4 Bf5 {(17:
05} 12. Nxe5 {(31:56} Qb6 {(31:30} 13. Nxc6 Qxc6 {(06:
40} 14. Bxf6 {(14:00} gxf6 {(02:18} 15. e3 {(01:59}
Rac8 {(06:48} 16. Qg3+ {(06:27} Bg6 {(01:45} 17. b3 {
(09:41} d5 {(02:40} 18. Qg4 {(03:33} dxc4 {(00:
58} 19. bxc4 {(00:49} Qa4 {(00:12} 20. e4 {(04:11}
Qxa3+ {(00:46} 21. Kd2 {(00:52} Rcd8+ {(02:48} 22. Ke2
{(01:10} Rxd1 {(01:02} 23. Kxd1 {(00:06} Rd8+ {(
00:06} 24. Ke2 {(00:23} Qd3+ {(00:10} 0-1

[Event "42nd Olympiad Baku 2016 Women"]
[Site "Baku"]
[Date "2016.09.08"]
[Round "6.13"]
[White "Fierro Baquero, Martha L"]
[Black "Vargas, Gabriela"]
[Result "1/2-1/2"]
[ECO "E19"]
[WhiteElo "2369"]
[BlackElo "2050"]
[Annotator ""]
[PlyCount "68"]
[EventDate "2016.??.??"]
[EventType "team-tourn"]
[EventCountry "AZE"]
[SourceTitle "playchess.com"]
[Source "ChessBase"]
[WhiteTeam "Ecuador"]
[BlackTeam "Paraguay"]
[WhiteTeamCountry "ECU"]
[BlackTeamCountry "PAR"]
[TimeControl "40/5400+30:1800+30"]

1. c4 {(00:00} e6 {(00:00} 2. Nf3 {(00:00} Nf6 {
(00:06} 3. g3 {(00:00} a6 {(01:17} 4. Bg2 {(00:
00} b5 {(00:45} 5. O-O {(08:22} Bb7 {(02:52} 6. d3 {
(13:31} c5 {(04:28} 7. e4 {(03:12} d6 {(00:08}
8. Re1 {(07:22} Be7 {(04:40} 9. Nbd2 {(10:40} O-O {
(06:54} 10. cxb5 {(00:02} axb5 {(00:28} 11. d4 {
(00:03} c4 {(12:48} 12. a3 {(25:28} Qc7 {(15:50]
} 13. Rb1 {(09:07} Rd8 {(04:59} 14. Qc2 {(02:59} Na6 {
(05:04} 15. e5 {(09:55} dxe5 {(04:34} 16. dxe5 {
(00:04} Nd7 {(02:18} 17. Ne4 {(01:36} Ndc5 {(08:
01} 18. Nxc5 {(02:07} Nxc5 {(00:22} 19. Bg5 {(01:12}
Bxf3 {(05:44} 20. Bxe7 {(01:01} Bxg2 {(00:10} 21. Bxd8
{(00:52} Qb7 {(00:20} 22. Bg5 {(02:34} Bh3 {(01:
37} 23. f3 {(00:37} Bf5 {(01:39} 24. Qe2 {(00:22} Bxb1
{(00:14} 25. Rxb1 {(00:04} Qd5 {(00:08} 26. Be7 {
(01:17} Nd3 {(04:35} 27. Bd6 {(00:21} Qd4+ {(01:
35} 28. Kg2 {(00:12} f6 {(00:22} 29. f4 {(00:27} Rc8 {
(02:14} 30. h4 {(00:49} c3 {(04:46} 31. bxc3 {(
00:13} Rxc3 {(00:04} 32. Rd1 {(01:00} Qd5+ {(00:24}
33. Kh2 {(00:25} Rb3 {(01:01} 34. Qg2 {(00:35} fxe5 {
(04:26} 1/2-1/2

[Event "42nd Olympiad Baku 2016 Women"]
[Site "Baku"]
[Date "2016.09.08"]
[Round "6.13"]
[White "Figueroa, Julissa"]
[Black "Samaganova, Alexandra"]
[Result "0-1"]
[ECO "B43"]
[WhiteElo "1787"]
[BlackElo "2048"]
[Annotator ""]
[PlyCount "58"]
[EventDate "2016.??.??"]
[EventType "team-tourn"]
[EventCountry "AZE"]
[SourceTitle "playchess.com"]
[Source "ChessBase"]
[WhiteTeam "Guatemala"]
[BlackTeam "Kyrgyzstan"]
[WhiteTeamCountry "GUA"]
[BlackTeamCountry "KGZ"]
[TimeControl "40/5400+30:1800+30"]

1. e4 {(00:00} c5 {(00:00} 2. Nf3 {(00:00} e6 {(
00:00} 3. d4 {(00:00} cxd4 {(00:00} 4. Nxd4 {(00:00}
a6 {(00:24} 5. Nc3 {(00:00} Qc7 {(00:22} 6. g3 {
(00:09} b5 {(08:24} 7. Bg2 {(00:35} Bb7 {(00:09]
} 8. O-O {(00:40} b4 {(15:53} 9. Nce2 {(12:35} Nf6 {
(02:18} 10. Qd3 {(05:58} Nc6 {(10:04} 11. c3 {(
07:40} Rd8 {(18:27} 12. Bg5 {(18:46} Be7 {(05:21} 13.
Rac1 {(05:16} Qa5 {(09:32} 14. Bxf6 {(05:19} Bxf6 {
(00:44} 15. Qc4 {(09:58} bxc3 {(07:10} 16. Nxc6 {
(01:46} Bxc6 {(02:15} 17. Nxc3 {(01:28} Rb8 {(
05:00} 18. b3 {(13:10} O-O {(02:44} 19. Rfd1 {(06:59}
Rfc8 {(04:03} 20. Na4 {(03:21} h6 {(02:08} 21. Qe2 {
(02:35} Bb5 {(01:39} 22. Qd2 {(00:50} Qxd2 {(00:
39} 23. Rxc8+ {(01:04} Rxc8 {(00:07} 24. Rxd2 {(00:11}
Rc1+ {(00:09} 25. Bf1 {(01:02} Bxf1 {(00:21} 26. f4 {
(00:25} Bd3+ {(02:23} 27. Kf2 {(00:04} Bxe4 {(
00:13} 28. Rxd7 {(00:40} Bc6 {(01:08} 29. Rc7 {(01:50}
Bd4+ {(00:22} 0-1

[Event "42nd Olympiad Baku 2016 Women"]
[Site "Baku"]
[Date "2016.09.08"]
[Round "6.23"]
[White "Fisher, Michelle M"]
[Black "Wasif, Zenobia"]
[Result "1/2-1/2"]
[ECO "C41"]
[WhiteElo "1701"]
[BlackElo "1566"]
[Annotator ""]
[PlyCount "126"]
[EventDate "2016.??.??"]
[EventType "team-tourn"]
[EventCountry "AZE"]
[SourceTitle "playchess.com"]
[Source "ChessBase"]
[WhiteTeam "South Africa"]
[BlackTeam "Pakistan"]
[WhiteTeamCountry "RSA"]
[BlackTeamCountry "PAK"]
[TimeControl "40/5400+30:1800+30"]

1. e4 {(00:00} e5 {(00:00} 2. Nf3 {(00:00} d6 {(
00:00} 3. d4 {(00:00} exd4 {(00:19} 4. Qxd4 {(00:00}
Nc6 {(00:38} 5. Bb5 {(00:00} Bd7 {(01:53} 6. Bxc6 {
(00:08} Bxc6 {(00:36} 7. Nc3 {(01:19} h6 {(01:
27} 8. O-O {(02:12} Nf6 {(00:31} 9. Bf4 {(05:55} Be7 {
(02:45} 10. Rfe1 {(11:51} O-O {(00:34} 11. Rad1 {
(03:14} a6 {(10:08} 12. Qd3 {(08:14} Nd7 {(15:
11} 13. Nd5 {(06:02} Bxd5 {(07:33} 14. Qxd5 {(02:19}
Rb8 {(12:20} 15. Qc4 {(09:56} Nb6 {(02:12} 16. Qb3 {
(01:02} Qc8 {(03:14} 17. e5 {(05:39} Qf5 {(02:
29} 18. exd6 {(02:31} Bxd6 {(04:59} 19. Bxd6 {(00:24}
cxd6 {(00:09} 20. Qxb6 {(01:26} Qxc2 {(03:08} 21. Rxd6
{(01:36} Qc4 {(02:29} 22. Red1 {(06:56} Kh7 {(
01:19} 23. Ne5 {(02:58} Qe4 {(02:51} 24. Qd4 {(04:36}
Qe2 {(08:08} 25. Qd3+ {(00:27} Qxd3 {(00:46} 26. R6xd3
{(00:08} Rfe8 {(00:19} 27. Nxf7 {(03:30} Re2 {(
00:15} 28. R3d2 {(01:11} Re7 {(00:55} 29. Nd6 {(00:29}
Rd8 {(01:22} 30. Kf1 {(00:13} b5 {(01:09} 31. Nf5 {
(00:22} Rxd2 {(01:52} 32. Rxd2 {(00:05} Rc7 {(
00:37} 33. Ke2 {(01:11} Kg6 {(00:21} 34. Ne3 {(00:11}
Rc6 {(01:05} 35. f4 {(00:28} Kf7 {(03:17} 36. g4 {
(00:11} g6 {(00:12} 37. h4 {(00:22} Re6 {(00:54]
} 38. Kf3 {(00:18} a5 {(01:31} 39. Rd5 {(00:40} Rb6 {
(00:23} 40. Re5 {(00:00} a4 {(00:00} 41. f5 {(
01:16} b4 {(01:17} 42. g5 {(02:34} hxg5 {(00:24} 43.
hxg5 {(00:19} gxf5 {(00:38} 44. Rxf5+ {(01:13} Kg7 {
(01:12} 45. Ra5 {(01:08} Kg6 {(03:32} 46. Kf4 {(
02:26} b3 {(01:14} 47. a3 {(00:13} Rd6 {(01:51} 48.
Nd5 {(04:29} Rd8 {(01:09} 49. Ra6+ {(00:37} Kg7 {
(00:44} 50. Ke5 {(01:16} Re8+ {(00:58} 51. Re6 {
(00:19} Rc8 {(00:16} 52. Nc7 {(01:44} Rxc7 {(01:
02} 53. Ra6 Rc2 {(01:57} 54. Rxa4 {(03:18} Rxb2 {(00:
08} 55. Kd4 {(01:03} Rf2 {(05:23} 56. Kc3 {(00:36} b2
{(00:58} 57. Rb4 {(00:40} Rg2 {(02:49} 58. Rxb2 {
(00:10} Rxg5 {(00:07} 59. a4 {(00:14} Kf7 {(02:
29} 60. Rb6 {(00:34} Ke7 {(00:19} 61. Kb4 {(00:10} Kd7
{(00:32} 62. a5 {(00:22} Kc7 {(00:09} 63. Rh6 {(
00:47} Kb7 {(00:52} 1/2-1/2

[Event "42nd Olympiad Baku 2016 Women"]
[Site "Baku"]
[Date "2016.09.08"]
[Round "6.4"]
[White "Fredericia, Louise"]
[Black "Llaudy Pupo, Lisandra"]
[Result "0-1"]
[ECO "B06"]
[WhiteElo "2117"]
[BlackElo "2269"]
[Annotator ""]
[PlyCount "68"]
[EventDate "2016.??.??"]
[EventType "team-tourn"]
[EventCountry "AZE"]
[SourceTitle "playchess.com"]
[Source "ChessBase"]
[WhiteTeam "Denmark"]
[BlackTeam "Cuba"]
[WhiteTeamCountry "DEN"]
[BlackTeamCountry "CUB"]
[TimeControl "40/5400+30:1800+30"]

1. e4 {(00:00} g6 {(00:00} 2. g3 {(03:46} Bg7 {(
03:56} 3. Bg2 {(00:19} c5 {(01:49} 4. d3 {(02:47} Nc6
{(00:56} 5. Nf3 {(04:44} d6 {(00:36} 6. O-O {(
01:00} Nf6 {(07:23} 7. Re1 {(05:04} O-O {(06:42} 8. c3
{(04:36} e5 {(11:53} 9. Na3 {(02:55} h6 {(03:20]
} 10. Nc2 {(01:21} Re8 {(09:58} 11. Ne3 {(16:23} Qb6 {
(11:33} 12. Bd2 {(04:26} Be6 {(00:41} 13. Qc1 {(
04:37} Kh7 {(00:51} 14. Nh4 {(04:28} Qd8 {(02:00} 15.
c4 {(03:42} Nh5 {(04:53} 16. Rf1 {(01:50} Nd4 {(
11:13} 17. Qe1 {(02:37} Nf4 {(00:55} 18. gxf4 {(01:30}
exf4 {(00:51} 19. Nd5 {(03:40} Bxd5 {(04:46} 20. Nf3 {
(05:03} Nxf3+ {(01:16} 21. Bxf3 {(00:11} Qg5+ {(
00:24} 22. Kh1 {(00:18} Be6 {(00:28} 23. Rg1 {(03:32}
Qh4 {(00:11} 24. Qe2 {(00:42} Bd4 {(04:37} 25. Bg4 {
(03:34} f5 {(05:01} 26. Bf3 {(00:55} g5 {(00:32]
} 27. exf5 {(02:15} Bxf5 {(00:20} 28. Be4 {(00:31}
Bxe4+ {(03:51} 29. dxe4 {(00:06} Qxf2 {(00:29} 30. Qh5
{(03:15} Qxd2 {(02:09} 31. Rxg5 {(00:34} Rg8 {(
00:25} 32. Rag1 {(03:26} Rxg5 {(00:24} 33. Rxg5 {(00:
29} Qe1+ {(00:16} 34. Kg2 {(00:09} Qg1+ {(00:10} 0-1

[Event "42nd Olympiad Baku 2016 Women"]
[Site "Baku"]
[Date "2016.09.08"]
[Round "6.21"]
[White "Frick, Denise"]
[Black "Begum, Ghazala"]
[Result "1-0"]
[ECO "B20"]
[WhiteElo "1803"]
[BlackElo "1668"]
[Annotator ""]
[PlyCount "47"]
[EventDate "2016.??.??"]
[EventType "team-tourn"]
[EventCountry "AZE"]
[SourceTitle "playchess.com"]
[Source "ChessBase"]
[WhiteTeam "South Africa"]
[BlackTeam "Pakistan"]
[WhiteTeamCountry "RSA"]
[BlackTeamCountry "PAK"]
[TimeControl "40/5400+30:1800+30"]

1. e4 {(00:00} c5 {(00:00} 2. d3 {(00:00} g6 {(
00:00} 3. f4 {(00:25} Bg7 {(00:00} 4. Nf3 {(00:15} d6
{(00:18} 5. Be2 {(00:25} Nc6 {(00:13} 6. c3 {(
00:29} Bg4 {(00:44} 7. O-O {(00:29} Nf6 {(00:05} 8.
Be3 {(01:30} O-O {(01:37} 9. h3 {(00:19} Bxf3 {(
00:12} 10. Bxf3 {(00:46} e5 {(01:00} 11. f5 {(05:48}
b6 {(06:09} 12. g4 {(06:13} Rc8 {(03:15} 13. g5 {
(12:00} Nh5 {(02:56} 14. Bxh5 {(02:03} gxh5 {(
00:45} 15. f6 {(07:50} Bh8 {(00:48} 16. Qxh5 {(02:05}
Qd7 {(00:25} 17. Rf3 {(06:25} d5 {(00:08} 18. Rg3 {
(03:34} dxe4 {(01:49} 19. dxe4 {(02:56} Rcd8 {(
00:23} 20. Nd2 {(01:11} Na5 {(00:53} 21. Rg4 {(01:48}
Qd3 {(00:16} 22. Re1 {(05:30} Bxf6 {(06:25} 23. gxf6+ {
(00:32} Kh8 {(00:02} 24. Rg7 {(00:37} 1-0

[Event "42nd Olympiad Baku 2016 Women"]
[Site "Baku"]
[Date "2016.09.08"]
[Round "6.28"]
[White "Frijde, Reyna"]
[Black "Fukuya, Natsumi"]
[Result "1/2-1/2"]
[ECO "C44"]
[WhiteElo "1605"]
[BlackElo "1636"]
[Annotator ""]
[PlyCount "71"]
[EventDate "2016.??.??"]
[EventType "team-tourn"]
[EventCountry "AZE"]
[SourceTitle "playchess.com"]
[Source "ChessBase"]
[WhiteTeam "Surinam"]
[BlackTeam "Japan"]
[WhiteTeamCountry "SUR"]
[BlackTeamCountry "JPN"]
[TimeControl "40/5400+30:1800+30"]

1. e4 {(00:00} e5 {(00:00} 2. Nf3 {(00:00} Nc6 {
(00:00} 3. d4 {(00:00} exd4 {(00:00} 4. Nxd4 {(
00:01} Nf6 {(00:06} 5. f3 {(01:00} Bc5 {(08:10} 6. Be3
{(01:15} Bb6 {(00:49} 7. Nc3 {(02:14} O-O {(04:
05} 8. Qd2 {(00:11} d5 {(00:53} 9. Nxc6 {(03:11} bxc6
{(00:15} 10. Bxb6 {(00:51} axb6 {(03:28} 11. O-O-O {
(06:06} Be6 {(05:26} 12. e5 {(06:09} Nd7 {(00:
50} 13. f4 {(00:28} f6 {(07:26} 14. exf6 {(06:17} Qxf6
{(01:59} 15. g3 {(03:39} Nc5 {(03:47} 16. a3 {(
06:39} Na4 {(10:22} 17. Nxa4 {(06:04} Rxa4 {(00:13}
18. Bg2 {(01:05} Rxa3 {(03:32} 19. Qb4 {(05:58} Ra5 {
(04:31} 20. Rhe1 {(07:04} Bf5 {(13:39} 21. Re5 {
(05:46} Ra1+ {(06:56} 22. Kd2 {(00:10} Rxd1+ {(
00:21} 23. Kxd1 {(00:03} Qg6 {(00:38} 24. Qc3 {(02:05}
Re8 {(05:40} 25. Rxe8+ {(05:02} Qxe8 {(00:07} 26. Bf3 {
(01:00} Qe6 {(01:30} 27. Kd2 {(01:36} Kf7 {(03:
11} 28. b4 {(04:30} Be4 {(01:35} 29. Bxe4 {(08:32}
Qxe4 {(00:12} 30. Qxc6 {(00:06} Qxb4+ {(00:59} 31. Kc1
{(02:58} Qc5 {(10:15} 32. Qd7+ {(00:37} Kf6 {(
02:51} 33. Qd8+ {(01:10} Kf7 {(00:26} 34. Qd7+ {(00:11]
} Kf6 {(00:40} 35. Qd8+ {(00:06} Kf7 {(00:34} 36. Qd7+
{(00:08} 1/2-1/2